 Dungeon Crawl Stone Soup version 0.30-a0-305-g026cb31310 (webtiles) character file.

Game seed: 14338686159003285381

242 pokeman the Magician (level 5, -3/29 HPs)
             Began as a Deep Elf Hedge Wizard on Oct 21, 2022.
             Slain by Grinder (5 damage)
             ... on level 3 of the Dungeon.
             The game lasted 00:08:36 (4179 turns).

pokeman the Magician (Deep Elf Hedge Wizard)        Turns: 4179, Time: 00:08:37

Health: -3/29      AC:  7    Str:  7    XL:     5   Next: 81%
Magic:  14/16      EV: 12    Int: 21    God:
Gold:   177        SH:  0    Dex: 14    Spells: 9/17 levels left

rFire   . . .      SeeInvis +    p - +8 dagger "Keets" {drain, *Noise rElec SInv}
rCold   . . .      Faith    .    (no shield)
rNeg    . . .      Spirit   .    f - +0 leather armour
rPois   .          Reflect  .    j - +0 helmet
rElec   +          Harm     .    e - +0 cloak
rCorr   .          Rampage  .    s - +0 pair of gloves
Will    .....                    x - +0 pair of boots
Stlth   ++........               (no amulet)
HPRegen 0.24/turn                k - ring of wizardry
MPRegen 0.15/turn                y - ring of see invisible

@: no status effects
A: no striking features
a: no special abilities


You were on level 3 of the Dungeon.
You visited 1 branch of the dungeon, and saw 3 of its levels.

You collected 177 gold pieces.

Inventory:

Hand Weapons
 p - the +8 dagger "Keets" (weapon) {drain, *Noise rElec SInv}
   (You found it on level 2 of the Dungeon)

   A truly terrible weapon, it drains the life of any living foe it strikes.
   rElec:     It insulates you from electricity.
   SInv:      It lets you see invisible.
   *Noise:    It may make noises in combat.
Armour
 b - a +0 tower shield
 e - a +0 cloak (worn)
 f - a +0 leather armour (worn)
 j - a +0 helmet (worn)
 s - a +0 pair of gloves (worn)
 u - a scarf of invisibility
 x - a +0 pair of boots (worn)
Magical Staves
 o - a staff of poison
Jewellery
 k - a ring of wizardry (left hand)
 w - a ring of fire
 y - a ring of see invisible (right hand)
Wands
 t - a wand of quicksilver (11)
Scrolls
 c - a scroll of brand weapon {unknown}
 g - 2 scrolls of enchant armour {unknown}
 i - 2 scrolls of blinking {unknown}
 m - a scroll of noise {unknown}
 n - 4 scrolls of identify {unknown}
 r - 2 scrolls of magic mapping {unknown}
Potions
 a - a potion of degeneration {unknown}
 d - a potion of magic
 h - a potion of might {unknown}
 l - 2 potions of attraction {unknown}
 q - a potion of mutation {unknown}
 v - a potion of lignification {unknown}


   Skills:
 - Level 1.0 Fighting
 - Level 1.0 Armour
 - Level 3.0 Dodging
 - Level 3.0 Stealth
 - Level 1.0 Shields
 * Level 6.6 Spellcasting
 + Level 2.9 Conjurations
 - Level 1.1 Summonings
 - Level 1.1 Translocations
 + Level 0.0 Air Magic
 + Level 0.0 Poison Magic
 - Level 1.0 Evocations


You had 9 spell levels left.
You knew the following spells:

 Your Spells              Type           Power      Damage    Failure   Level
a - Magic Dart            Conj           76%        1d6       1%          1
b - Mephitic Cloud        Conj/Pois/Air  11%        N/A       11%         3
c - Call Imp              Summ           11%        N/A       5%          2
d - Blink                 Tloc           22%        N/A       5%          2

Your spell library contained the following spells:

 Spells                   Type           Power      Damage    Failure   Level
 Momentum Strike          Conj/Tloc      30%        3d8       3%          2
 Slow                     Hex            24%        N/A       6%          1
 Cigotuvi's Dreadful Rot  Necr/Pois/Air  12%        N/A       9%          2
 Lesser Beckoning         Tloc           22%        N/A       11%         3


Dungeon Overview and Level Annotations

Branches:
Dungeon (3/15)

Altars:

Annotations:
D:3 Grinder


Message History

Things that are here:
a +0 dagger; a +0 dagger You see here a +0 dagger.
Things that are here:
a +0 ring mail; a +0 dagger; a +0 club What are your orders? t - Shout!
Orders for allies: a - Attack new target. r - Retreat! s - Stop attacking. g - Guard the area. f - Follow me.
Anything else - Cancel.
You shout for attention!
You see here a +0 dagger.
Things that are here:
a +0 dagger; a +0 dagger What are your orders? t - Shout!
Orders for allies: a - Attack new target. r - Retreat! s - Stop attacking. g - Guard the area. f - Follow me.
Anything else - Cancel.
You shout for attention!
You hear a shout!
Grinder gestures at you. You resist with significant effort.
Casting: Magic Dart (safe; 1% risk of failure)
Confirm with . or Enter, or press ? or * to list all spells.
A beastly little devil appears in a puff of flame.
Something hits your crimson imp.
Your crimson imp hits Grinder.
Grinder blinks!
Grinder attacks as you move away! Grinder hits you!
You writhe in agony.
You hit Grinder.
Grinder is lightly wounded.
Grinder hits you.
You writhe in agony.
You barely miss Grinder.
Grinder is lightly wounded.
Your crimson imp closely misses Grinder.
Grinder hits you!
* * * LOW HITPOINT WARNING * * *
You writhe in agony.
You die...

#>..).............
#.##8)....8###.#..
#.##))[....# #.#..
#..#8.....8# #....
#..#.......# #.#..
#..#8.....8#####.#
#..#.......#......
#..#8.....8#.###.#
#@.#....)..#.##...
#5.#########......
#5................
#.########.#.###.# #.#####
#.#.# #.#
##########...5.####.#.###.#
#.....>..#####............#
###.####.# #...##.#.#####
#.#.##.# #........#


You could see Grinder (ally target) and a friendly crimson imp (summoned).

Vanquished Creatures
  Terence (D:3)
  Ijyb (D:3)
  Natasha (thrice) (D:2)
  4 adders
  2 dart slugs
  An orc (D:3)
  4 ball pythons
  6 endoplasms
  A giant cockroach (D:3)
  13 goblins
  6 hobgoblins
  A jackal (D:2)
  4 quokkas
  6 bats
  4 frilled lizards
  6 kobolds
  7 rats
70 creatures vanquished.

Vanquished Creatures (collateral kills)
  An adder (D:2)
1 creature vanquished.

Grand Total: 71 creatures vanquished

Notes
Turn   | Place    | Note
-------+----------+-------------------------------------------
     0 | D:1      | pokeman the Deep Elf Hedge Wizard began the quest for the
                  | Orb.
     0 | D:1      | Reached XP level 1. HP: 10/10 MP: 7/7
   430 | D:1      | Reached XP level 2. HP: 12/16 MP: 1/9
  1158 | D:1      | Reached skill level 5 in Spellcasting
  1566 | D:2      | Reached XP level 3. HP: 20/20 MP: 6/11
  1570 | D:2      | Learned a level 3 spell: Mephitic Cloud
  1573 | D:2      | Learned a level 2 spell: Call Imp
  1576 | D:2      | Learned a level 2 spell: Blink
  1625 | D:2      | Identified the +8 dagger "Keets" {drain, *Noise rElec SInv}
  1654 | D:2      | Noticed Natasha
  1661 | D:2      | Killed Natasha
  1662 | D:2      | Reached skill level 1 in Fighting
  1662 | D:2      | Reached skill level 1 in Armour
  1945 | D:2      | Noticed Natasha
  1960 | D:2      | Reached XP level 4. HP: 9/25 MP: 9/13
  1971 | D:2      | Killed Natasha
  2414 | D:2      | Noticed Natasha
  2422 | D:2      | Killed Natasha
  2423 | D:2      | Reached skill level 6 in Spellcasting
  2423 | D:2      | Reached XP level 5. HP: 26/29 MP: 11/15
  2436 | D:3      | Found a faded altar of an unknown god.
  2778 | D:3      | Noticed Ijyb
  2782 | D:3      | Reached skill level 1 in Shields
  2796 | D:3      | Killed Ijyb
  2846 | D:3      | Noticed Grinder
  3284 | D:3      | Noticed Terence
  3291 | D:3      | Killed Terence
  3292 | D:3      | Reached skill level 1 in Evocations
  4179 | D:3      | Slain by Grinder

Illustrated notes

Levels and vault maps discovered:
D:1:      zaba_arrival_water, layout_loops_ring
D:2:      layout_basic, minmay_randomly_rotated_circles, uniq_natasha
D:3:      kennysheep_the_goblin_king, layout_basic, nicolae_ecumenical_pavilion,
          minmay_pentomino_pile, uniq_terence, uniq_grinder

Skill      XL: |  1  2  3  4  5 |
---------------+----------------+-----
Spellcasting   | 5 6 |  6.6
Fighting       | 1 |  1.0
Armour         | 1 |  1.0
Conjurations   | 2 |  2.9
Dodging        | 3 |  3.0
Shields        | 1 |  1.0
Stealth        | 3 |  3.0
Evocations     | 1 |  1.0
Summonings     | |  1.1
Translocations | |  1.1

Action                   |  1- 3 |  4- 6 || total
-------------------------+-------+-------++-------
Melee: Dagger            |    16 |    17 ||    33
 Cast: Magic Dart        |    79 |    74 ||   153
       Mephitic Cloud    |     2 |     4 ||     6
       Call Imp          |       |     2 ||     2
       Blink             |       |     1 ||     1
 Stab: Confused          |     1 |     2 ||     3
Armor: Robe              |     1 |       ||     1
       Leather armour    |     6 |     5 ||    11
Dodge: Dodged            |    22 |    17 ||    39

Table legend: (Time is in decaauts)
 A = Elapsed time spent in this place.
 B = Non-inter-level travel time spent in this place.
 C = Inter-level travel time spent in this place.
 D = Time resting spent in this place.
 E = Time spent auto-exploring this place.
 F = Levels seen in this place.
 G = Mean time per level.
                   A        B        C        D        E       F      G
               +--------+--------+--------+--------+--------+-----+--------+
         Total |   4184 |   3986 |    198 |    326 |   2731 |   3 | 1394.7 |
       Dungeon |   4184 |   3986 |    198 |    326 |   2731 |   3 | 1394.7 |
               +--------+--------+--------+--------+--------+-----+--------+

Top non-repeatable levels by time:
     D:3: 1667 daAuts
     D:1: 1425 daAuts
     D:2: 1092 daAuts
